 Dungeon Crawl Stone Soup version 0.20-a0-2-g2b0e13a (webtiles) character file.

245 Naow the Conjurer (level 6, -1/37 HPs)
             Began as an Octopode Conjurer on Oct 30, 2016.
             Was an Initiate of Vehumet.
             Slain by Sigmund
             ... wielding a +0 scythe of protection
              (11 damage)
             ... on level 4 of the Dungeon.
             The game lasted 00:09:32 (4396 turns).

Naow the Conjurer (Octopode Conjurer)               Turns: 4396, Time: 00:09:33

Health: -1/37      AC:  1    Str:  7    XL:     6   Next: 10%
Magic:  0/10       EV: 13    Int: 19    God:    Vehumet [......]
Gold:   135        SH:  0    Dex: 13    Spells: 2 memorised, 8 levels left

rFire  x . .     SeeInvis .     j - +0 short sword
rCold  + . .     Gourm    .     (no shield)
rNeg   . . .     Faith    .     (helmet restricted)
rPois  .         Spirit   .     (no amulet)
rElec  .         Reflect  .     q - ring of ice
rCorr  .         Harm     .     (no ring)
MR     .....                    (no ring)
Stlth  +++.......               (no ring)
                                (no ring)
                                (no ring)
                                (no ring)
                                (no ring)

@: very slightly contaminated
A: almost no armour, stealthy swim, amphibious, 8 rings, constrict 8, camouflage
1, gelatinous body 1
a: Renounce Religion


You were on level 4 of the Dungeon.
You worshipped Vehumet.
Vehumet was noncommittal.
You were very hungry.

You visited 2 branches of the dungeon, and saw 5 of its levels.
You also visited: Sewer.

You collected 135 gold pieces.

Inventory:

Hand Weapons
 j - a +0 short sword (weapon)
Missiles
 i - 59 stones (quivered)
Jewellery
 q - a ring of ice (left tentacle)
Scrolls
 e - 8 scrolls of identify {unknown}
 g - 2 scrolls of remove curse {unknown}
 n - a scroll of fog {unknown}
 p - 3 scrolls of immolation {unknown}
 r - a scroll of teleportation {unknown}
 s - a scroll of enchant armour {unknown}
 t - a scroll of recharging {unknown}
Potions
 f - a potion of invisibility {unknown}
 h - 3 potions of curing
 k - 2 potions of brilliance {unknown}
 l - a potion of degeneration {unknown}
 m - a potion of agility {unknown}
 o - 3 potions of heal wounds {unknown}
 u - a potion of cure mutation {unknown}
 v - a potion of mutation {unknown}
Books
 a - a book of Conjurations

   Spells                             Type                      Level
   a - Magic Dart                     Conjuration                  1
   b - Searing Ray                    Conjuration                  2
   c - Dazzling Spray                 Conjuration/Hexes            3
   d - Fulminant Prism                Conjuration/Hexes            4
   e - Iskenderun's Mystic Blast      Conjuration                  4
   f - Iskenderun's Battlesphere      Conjuration/Charms           5
Comestibles
 b - 3 bread rations
 c - a meat ration
 d - 2 beef jerkies


   Skills:
 + Level 0.6 Fighting
 + Level 0.4 Short Blades
 + Level 2.2 Dodging
 - Level 2.6 Stealth
 + Level 3.2 Spellcasting
 + Level 6.3 Conjurations


You had 8 spell levels left.
You knew the following spells:

 Your Spells              Type           Power        Failure   Level  Hunger
a - Magic Dart            Conj           ####         1%          1    None
b - Searing Ray           Conj           ####..       1%          2    ##.....


Dungeon Overview and Level Annotations

Branches:
Dungeon (4/15)             Temple (1/1) D:4

Altars:
Dithmenos
Elyvilon
Gozag
Kikubaaqudgha
Makhleb
Nemelex Xobeh
Okawaru
Trog
Uskayaw
Vehumet
Zin
The Shining One

Annotations:
D:4 Sigmund


Innate Abilities, Weirdness & Mutations

You cannot wear most types of armour.
You are very stealthy in the water. (Stealth+)
You are amphibious.
You can wear up to eight rings at the same time.
You can use your tentacles to constrict eight enemies at once.
Your skin changes colour to match your surroundings (Stealth+).
Your rubbery body absorbs attacks. (AC +1, EV +1)


Message History

The howler monkey hoots and howls with incredible vigour!
The hound bites you.
Sigmund casts a spell.
Sigmund flickers and vanishes!
Deactivating autopickup; reactivate with Ctrl-A.
The hound barely misses you.
Casting: Magic Dart
Confirm with . or Enter, or press ? or * to list all spells.
Aiming: Searing Ray
Press: ? - help, Shift-Dir - straight line The searing ray hits the hound.
The hound is moderately wounded.
The hound closely misses you.
Without enough magic to sustain it, your searing ray dissipates.
The hound bites you. Something hits you!
* * * LOW HITPOINT WARNING * * *
The hound misses you.
It was a potion of curing.
You feel better. The hound misses you. Something hits you!
You die...

#.........# #.# #..# #...
######.####.####.# #..#
#... ..........#.....#.#
#..######...
#######.#.#..##.#.#
#........... #.#.#..#..#.#
#.#######...
#.#.#..##.#.###........#'#
#.#.#..#..#..[.........#.#
#.#.#..##.#######........#
#.#.#....@.....##.########
#.#.#.###h####.##.......#
# #.#....h...# #.......#
#.#+##....##.# #.......#
..........# # #.....).#
..........# #........
..........+ #........
..........# #........
...)...!..# #........


You could see a howler monkey and a hound.

Vanquished Creatures
  An orc priest (D:3)
  13 adders
  A shadow imp (D:3)
  2 oozes (D:1)
  3 dart slugs
  5 leopard geckos
  4 orcs (D:3)
  2 ball pythons
  6 bats
  4 giant cockroaches
  2 goblins (D:1)
  3 hobgoblins
  2 jackals (Sewer)
  A quokka (D:2)
  6 frilled lizards
  14 kobolds
  9 rats
78 creatures vanquished.

Notes
Turn   | Place    | Note
-------+----------+-------------------------------------------
     0 | D:1      | Naow the Octopode Conjurer began the quest for the Orb.
     0 | D:1      | Reached XP level 1. HP: 11/11 MP: 3/3
   564 | D:1      | Reached XP level 2. HP: 17/17 MP: 3/5
  1044 | D:1      | Reached XP level 3. HP: 21/21 MP: 2/6
  1504 | D:2      | Reached skill level 5 in Conjurations
  2196 | D:2      | Reached XP level 4. HP: 27/27 MP: 2/7
  2249 | D:2      | Learned a level 2 spell: Searing Ray
  2309 | D:3      | Found a glowing golden altar of the Shining One.
  2490 | D:3      | Reached XP level 5. HP: 31/31 MP: 0/8
  2701 | D:3      | Found a glowing drain.
  2716 | D:3      | Reached skill level 6 in Conjurations
  2728 | Sewer    | Entered a sewer
  3628 | D:3      | Reached XP level 6. HP: 37/37 MP: 6/10
  4111 | D:4      | Found a staircase to the Ecumenical Temple.
  4161 | Temple   | Entered the Ecumenical Temple
  4222 | Temple   | Became a worshipper of Vehumet
  4375 | D:4      | Noticed Sigmund
  4396 | D:4      | Slain by Sigmund

Vault maps used:
D:1:      nicolae_arrival_somewhat_less_tricky_arrival, serial_forest,
          infiniplex_forest_clump_diagonal, infiniplex_forest_straight_3,
          infiniplex_forest_clump_cross, infiniplex_forest_end_3,
          infiniplex_forest_clump_C
D:3:      gup_sewer_entry_glass, tso_altar
D:4:      serial_shops, shop, uniq_sigmund
Temple:   minmay_crystal_snake_temple
Sewer:    sewer_co_scattered_pipes

Skill      XL: |  1  2  3  4  5 |
---------------+----------------+-----
Conjurations   | 5 6 |  6.3
Spellcasting   | 3 |  3.2
Fighting       | |  0.6
Short Blades   | |  0.4
Dodging        | |  2.2
Stealth        | |  2.6

Action                   |  1- 3 |  4- 6 || total
-------------------------+-------+-------++-------
Melee: Unarmed           |     3 |       ||     3
       Tentacles         |     2 |     8 ||    10
       Short sword       |       |    19 ||    19
       Constrict         |       |     8 ||     8
 Cast: Magic Dart        |    60 |   107 ||   167
       Searing Ray       |       |     4 ||     4
  Use: Potion            |       |     1 ||     1
  Eat: Chunk             |     4 |     6 ||    10
Armor: Skin              |       |     8 ||     8
Dodge: Dodged            |     5 |    44 ||    49
